 Dungeon Crawl Stone Soup version 0.32-a0-560-g4c7f4391e0 (webtiles) character file.

Game seed: 15633774274845871670

6820 grandjackal the Party-goer (level 10, -6/85 HPs)
             Began as a Demonspawn Gladiator on Feb 29, 2024.
             Was a Believer of Uskayaw.
             Mangled by Snorg (17 damage)
             ... on level 10 of the Dungeon.
             The game lasted 00:10:03 (9011 turns).

grandjackal the Party-goer (Demonspawn Gladiator)   Turns: 9011, Time: 00:10:04

Health: -6/85      AC: 10    Str: 15    XL:     10   Next: 77%
Magic:  18/18      EV: 12    Int:  8    God:    Uskayaw [**....]
Gold:   507        SH:  6    Dex: 19    Spells: 9/9 levels left

rFire   . . .        p - +2 dagger (distort)
rCold   . . .        (no shield)
rNeg    . . .        t - +0 ring mail
rPois   .            c - +0 helmet
rElec   .            H - +1 cloak {Stlth+}
rCorr   .            s - +0 pair of gloves
SInv    .            (no boots)
Will    ++...        i - amulet of the acrobat
Stlth   ++           C - ring of willpower
HPRegen 0.34/turn    N - ring of willpower
MPRegen 0.16/turn

%: acrobat
@: no status effects
A: large bone plates 2, powered by death 2, demonic touch 1
a: Renounce Religion, Stomp, Line Pass


You were on level 10 of the Dungeon.
You worshipped Uskayaw.
Uskayaw was aware of your devotion.
You visited 2 branches of the dungeon, and saw 11 of its levels.
You also visited: Ossuary.

You collected 689 gold pieces.
You spent 182 gold pieces at shops.

Inventory:

Hand Weapons
 a - a +0 long sword
 p - a +2 dagger of distortion (weapon)
Missiles
 d - 3 throwing nets (quivered)
 e - a javelin
 g - 16 poisoned darts
Armour
 c - a +0 helmet (worn)
 s - a +0 pair of gloves (worn)
 t - a +0 ring mail (worn)
 H - a +1 cloak of stealth (worn)
Jewellery
 i - an amulet of the acrobat (around neck)
 C - a ring of willpower (left hand)
 N - a ring of willpower (right hand)
Wands
 v - a wand of charming (8)
 x - a wand of light (9)
 L - a wand of polymorph (7)
 M - a wand of warping (14)
Scrolls
 b - 3 scrolls of amnesia {unknown}
 j - 2 scrolls of enchant weapon {unknown}
 k - 2 scrolls of fog {unknown}
 l - 8 scrolls of teleportation {unknown}
 n - 3 scrolls of poison {unknown}
 o - 5 scrolls of vulnerability
 q - 2 scrolls of revelation {unknown}
 u - a scroll of silence {unknown}
 y - 2 scrolls of noise {unknown}
 A - 2 scrolls of blinking {unknown}
 B - 3 scrolls of fear
 I - 2 scrolls of summoning {unknown}
 J - 2 scrolls of enchant armour
 K - 2 scrolls of brand weapon {unknown}
Potions
 f - a potion of might
 h - 3 potions of curing
 m - a potion of mutation
 r - 3 potions of brilliance
 w - 2 potions of haste
 z - 2 potions of heal wounds
 D - 2 potions of resistance
 E - 2 potions of lignification
 G - 2 potions of cancellation


   Skills:
 + Level 10.2 Fighting
 - Level 4.0 Long Blades
 - Level 2.0 Throwing
 - Level 4.0 Armour
 - Level 3.0 Dodging
 + Level 7.2 Unarmed Combat
 + Level 11.3 Invocations


You had 9 spell levels left.
You didn't know any spells.
Your spell library contained the following spells:

 Spells                   Type           Power      Damage    Failure   Level
 Foxfire                  Conj/Fire      0%         2x1d4     63%         1
 Dazzling Flash           Conj/Hex       0%         N/A       94%         3
 Inner Flame              Hex/Fire       0%         N/A       94%         3
 Volatile Blastmotes      Fire/Tloc      0%         2d10      94%         3
 Flame Wave               Conj/Fire      0%         2d4       100%        4
 Sticky Flame             Fire/Alch      0%         2d4       100%        4
 Plasma Beam              Fire/Air       0%         2x1d10    100%        6
 Starburst                Conj/Fire      0%         6d3       100%        6
 Maxwell's Capacitive Co  Air            0%         ∞         100%        8


Dungeon Overview and Level Annotations

Branches:
Dungeon (10/15)            Temple (1/1) D:4             Orc (0/2) D:10
Ossuary (visited)
   Lair: D:8-11

Altars:
Ashenzari
Cheibriados
Dithmenos
Gozag
Hepliaklqana
Kikubaaqudgha
Makhleb
Nemelex Xobeh
Okawaru
Qazlal
Sif Muna
Uskayaw
Vehumet
Wu Jian
Xom
Yredelemnul

Shops:
D:4 ?

Annotations:
D:6 1 runed translucent door, Gangsterbeez's ghost, amateur MiFi
D:10 Snorg
Abyss:1 Ijyb


Innate Abilities, Weirdness & Mutations

You are mostly covered in large bone plates. (SH +6)
You regenerate health from kills.
Your touch may inflict minor irresistible damage on your foes.


Message History

There is an open door here.
You open the door.
There is an open door here.
There is a stone staircase leading up here.
As you open the door, it creaks loudly!
There is an open door here.
You open the door.
Snorg the Insatiable comes into view.
There is an open door here.
The helpless Snorg fails to defend herself.
You puncture Snorg!
You touch Snorg!
Snorg is moderately wounded.
Snorg blinks!
You hit Snorg.
Space warps horribly around Snorg!
You touch Snorg!
Snorg is heavily wounded.
Snorg goes berserk!
You can now pass through a line of other dancers.
You closely miss Snorg.
Snorg is heavily wounded.
Snorg closely misses you. Snorg claws you but does no damage.
You block Snorg's attack.
You hit Snorg.
Snorg is heavily wounded.
Snorg bites you!! Snorg claws you! Snorg claws you. Snorg closely misses you.
Snorg barely misses you. Snorg claws you.
You hit Snorg. Your touch misses Snorg.
Snorg is heavily wounded.
Snorg blinks!
You hit Snorg.
Space warps around Snorg.
Snorg is heavily wounded.
Snorg barely misses you. x2; You block Snorg's attack.
You hit Snorg.
Snorg is heavily wounded.
Snorg bites you!! Snorg claws you!!
* * * LOW HITPOINT WARNING * * *
Snorg claws you.
* * * LOW HITPOINT WARNING * * *
Snorg misses you. Snorg claws you!
You die...
Your body falls in perfect tune with the rhythm.

......#
#.'.........##########+##
......# ###.........#
####### #....<....#
#######'### ##.# #..#
###'### #.....# #..@..#
#.T§..+ #.....# +.....#
#.....# #######


You could see Snorg (berserk).

Vanquished Creatures
  Pikel (D:4)
  A hornet (D:10)
  Sigmund (D:5)
  2 wyverns
  Eustachio (D:5)
  A steam dragon (D:9)
  4 vampire mosquitoes (D:7)
  Menkaure (D:5)
  2 acid dragons
  2 orc warriors
  2 black bears
  4 ogres
  4 centaurs
  2 phantoms (D:5)
  2 lemures (D:4)
  2 kobold brigands
  5 elf zombies
  3 scorpions
  5 bullfrogs
  15 wights
  5 killer bees (D:8)
  A howler monkey (D:9)
  A hound (D:5)
  3 jellies
  2 bombardier beetles
  4 human zombies
  2 sleepcaps
  A human skeleton (D:5)
  Crazy Yiuf (D:5)
  3 iguanas
  Natasha (thrice) (D:2)
  4 orc wizards
  2 crocodile zombies (Ossuary)
  2 spectral hounds (Ossuary)
  A scorpion simulacrum (Ossuary)
  2 mummies (Ossuary)
  3 gnolls
  7 adders
  4 hound simulacra (Ossuary)
  A white imp (D:8)
  A spectral adder (Ossuary)
  3 spectral gnolls (Ossuary)
  3 dart slugs
  3 ribbon worms
  An adder simulacrum (Ossuary)
  13 orcs
  3 endoplasms
  A giant cockroach (D:3)
  4 goblins
  8 hobgoblins
  5 jackals
  4 ball pythons
  6 bats
  5 frilled lizards
  2 gnoll simulacra (Ossuary)
  5 gnoll zombies (Ossuary)
  4 jackal simulacra (Ossuary)
  5 kobolds
  3 kobold zombies (Ossuary)
  8 orc zombies
  4 rats
  3 spectral jackals (Ossuary)
206 creatures vanquished.

Notes
Turn   | Place    | Note
-------+----------+-------------------------------------------
     0 | D:1      | grandjackal the Demonspawn Gladiator began the quest for
                  | the Orb.
     0 | D:1      | Reached XP level 1. HP: 16/16 MP: 1/1
   205 | D:1      | Gained mutation: You regenerate a little health from kills.
                  | [demonic ancestry]
   205 | D:1      | Reached XP level 2. HP: 19/22 MP: 2/2
   832 | D:2      | Reached XP level 3. HP: 28/28 MP: 3/3
   885 | D:2      | Noticed Natasha
  1150 | D:2      | Reached XP level 4. HP: 35/35 MP: 4/4
  1262 | D:2      | Killed Natasha
  1284 | D:2      | Noticed Natasha
  1289 | D:2      | Killed Natasha
  1290 | D:2      | Reached XP level 5. HP: 42/42 MP: 5/5
  1394 | D:2      | Noticed Natasha
  1401 | D:2      | Killed Natasha
  1978 | D:3      | Reached skill level 1 in Armour
  2273 | D:4      | Found Hionelin's Magic Scroll Emporium.
  2284 | D:4      | Bought a scroll of fear for 52 gold pieces
  2284 | D:4      | Bought 2 scrolls of vulnerability for 104 gold pieces
  2284 | D:4      | Bought a scroll of identify for 26 gold pieces
  2426 | D:4      | Reached XP level 6. HP: 38/49 MP: 6/6
  2541 | D:4      | Found a staircase to the Ecumenical Temple.
  2592 | Temple   | Entered the Ecumenical Temple
  2798 | Temple   | Became a worshipper of Uskayaw the Reveller
  2847 | D:4      | Noticed Pikel
  2850 | D:4      | Reached * piety under Uskayaw
  2851 | D:4      | Reached ** piety under Uskayaw
  2856 | D:4      | Reached *** piety under Uskayaw
  2867 | D:4      | Reached **** piety under Uskayaw
  2870 | D:4      | Killed Pikel
  2871 | D:4      | Reached skill level 5 in Fighting
  2871 | D:4      | Reached skill level 3 in Invocations
  2871 | D:4      | Gained mutation: Your touch may inflict minor irresistible
                  | damage on your foes. [demonic ancestry]
  2871 | D:4      | Reached XP level 7. HP: 40/57 MP: 6/9
  3218 | D:5      | Entered Level 5 of the Dungeon
  3221 | D:5      | Identified the +0 ring mail of the Bull {Rampage +Inv rF-
                  | Dex+3}
  3244 | D:5      | Noticed Ijyb
  3249 | D:5      | Banished Ijyb
  3276 | D:5      | Reached skill level 4 in Invocations
  3347 | D:5      | Gained mutation: You regenerate health from kills. [demonic
                  | ancestry]
  3347 | D:5      | Reached XP level 8. HP: 64/64 MP: 11/11
  3350 | D:5      | Found a sand-covered staircase.
  3361 | Ossuary  | Entered an ossuary
  3397 | Ossuary  | Reached skill level 1 in Unarmed Combat
  3406 | Ossuary  | Reached ***** piety under Uskayaw
  3409 | Ossuary  | Reached skill level 5 in Invocations
  3588 | Ossuary  | Reached skill level 6 in Invocations
  3828 | D:5      | Noticed Menkaure
  3834 | D:5      | Killed Menkaure
  3849 | D:5      | Noticed Sigmund
  3850 | D:5      | Noticed Eustachio
  3860 | D:5      | Reached skill level 7 in Invocations
  3865 | D:5      | Gained mutation: You are partially covered in large bone
                  | plates. (SH +4) [demonic ancestry]
  3865 | D:5      | Reached XP level 9. HP: 62/72 MP: 14/14
  3869 | D:5      | Killed Sigmund
  3878 | D:5      | Killed Eustachio
  4178 | D:5      | Found a runed translucent door.
  4179 | D:5      | Noticed Crazy Yiuf
  4462 | D:5      | Killed Crazy Yiuf
  4676 | D:6      | Reached skill level 8 in Invocations
  4861 | D:6      | Found a stormy altar of Qazlal.
  4903 | D:6      | Found a runed translucent door.
  4908 | D:6      | Noticed Gangsterbeez's ghost (amateur MiFi)
  4961 | D:6      | Reached skill level 5 in Unarmed Combat
  5045 | D:6      | Found an ancient bone altar of Kikubaaqudgha.
  5045 | D:6      | Found an iron altar of Okawaru.
  5045 | D:6      | Found a shadowy altar of Dithmenos.
  5274 | D:7      | Reached skill level 9 in Invocations
  5331 | D:7      | Gained mutation: You are mostly covered in large bone
                  | plates. (SH +6) [demonic ancestry]
  5331 | D:7      | Reached XP level 10. HP: 83/83 MP: 17/17
  5369 | D:7      | Found a basalt altar of Yredelemnul.
  5611 | D:7      | Found a shimmering blue altar of Sif Muna.
  6279 | D:7      | Reached skill level 10 in Invocations
  6412 | D:8      | Identified the +6 rapier "Gurch" {heavy, rF- Int+6}
  6579 | D:8      | Found a snail-covered altar of Cheibriados.
  7014 | D:8      | Found a broken altar of Ashenzari.
  7587 | D:8      | Found a hazy altar of Hepliaklqana.
  7588 | D:8      | Found a sparkling altar of Nemelex Xobeh.
  8394 | D:9      | Reached skill level 10 in Fighting
  8407 | D:9      | Reached skill level 11 in Invocations
  8900 | D:10     | Entered Level 10 of the Dungeon
  8946 | D:10     | Found a staircase to the Orcish Mines.
  9001 | D:10     | Noticed Snorg
  9011 | D:10     | Mangled by Snorg

Illustrated notes

Levels and vault maps discovered:
D:1:      wander_arrival_estate, layout_loops_ring
D:2:      layout_basic, dreamdust_wishing_well, uniq_natasha
D:3:      layout_basic
D:4:      layout_loops_ring, minmay_temple_entry_stoned_glass, serial_shops,
          nicolae_stop_n_shop_2, uniq_pikel
D:5:      layout_loops_ring, mainiacjoe_overflow_catwalk,
          nicolae_ossuary_entry_catacombs, uniq_ijyb, uniq_eustachio,
          uniq_menkaure, uniq_crazy_yiuf_cottage, uniq_sigmund
D:6:      layout_cave_pools, chequers_temple_overflow_statue_of_worship,
          ebering_ghost_sewer_d, kb_lookout_dungeons_type
D:7:      layout_layer_cave, kennysheep_little_box,
          serial_library_hellmonk_big_corner
D:8:      layout_layer_cave, slow_altar_1, mainiacjoe_overflow_paths,
          gammafunk_temple_overflow_pools
D:9:      layout_basic, minmay_increasing_density
D:10:     layout_roguey, nzn_overflow_gifts_of_might_and_magic,
          nicolae_ru_the_path_less_chosen, lemuel_tele_altar,
          minmay_orc_entry_temple_small, nicolae_take_the_stairs, uniq_snorg,
          uniq_lodul, uniq_fannar
Temple:   hellmonk_temple_beads

Skill      XL: |  1  2  3  4  5  6  7  8  9 10 |
---------------+-------------------------------+-----
Throwing       | 2 |  2.0
Dodging        | 3 |  3.0
Long Blades    | 3 4 |  4.0
Fighting       | 3 4 5 6 7 9 10 | 10.2
Armour         | 2 3 4 |  4.0
Invocations    | 3 4 7 9 11 | 11.3
Unarmed Combat | 3 5 7 |  7.2

Action                     |  1- 3 |  4- 6 |  7- 9 | 10-12 || total
---------------------------+-------+-------+-------+-------++-------
  Melee: Long sword        |    53 |       |       |       ||    53
         Dagger            |    25 |   129 |   271 |   164 ||   589
         Touch             |       |       |    63 |    39 ||   102
  Throw: Javelin           |       |       |       |     1 ||     1
    Use: Scroll            |       |     4 |     5 |     2 ||    11
   Stab: Sleeping          |     1 |     1 |     3 |     4 ||     9
         Paralysed         |       |     1 |    11 |     6 ||    18
         Distracted        |       |       |       |     1 ||     1
 Armour: Leather armour    |    53 |    13 |       |       ||    66
         Ring mail         |       |    49 |   128 |   100 ||   277
  Dodge: Dodged            |    52 |    71 |   120 |   121 ||   364
  Block: Other             |       |       |    15 |    49 ||    64

Table legend: (Time is in decaauts)
 A = Elapsed time spent in this place.
 B = Non-inter-level travel time spent in this place.
 C = Inter-level travel time spent in this place.
 D = Time resting spent in this place.
 E = Time spent auto-exploring this place.
 F = Levels seen in this place.
 G = Mean time per level.
                   A        B        C        D        E       F      G
               +--------+--------+--------+--------+--------+-----+--------+
         Total |   8956 |   8660 |    296 |    874 |   6140 |  12 |  746.3 |
       Dungeon |   8538 |   8262 |    276 |    863 |   6048 |  10 |  853.8 |
        Temple |    101 |     81 |     20 |      0 |      0 |   1 |  101.0 |
       Ossuary |    316 |    316 |      0 |     11 |     92 |   1 |  316.0 |
               +--------+--------+--------+--------+--------+-----+--------+

Top non-repeatable levels by time:
     D:8: 1561 daAuts
     D:7: 1118 daAuts
     D:5: 1061 daAuts
     D:1: 1010 daAuts
     D:9: 946 daAuts
     D:4: 834 daAuts
     D:3: 684 daAuts
     D:6: 626 daAuts
     D:2: 582 daAuts
 Ossuary: 316 daAuts
    D:10: 109 daAuts
  Temple: 101 daAuts
